[Event "3rd Sharjah Challengers 2023"]
[Site "Sharjah"]
[Date "2023.05.21"]
[Round "5.7"]
[White "Mkrtchyan, Mariam"]
[Black "Saydaliev, Saidakbar"]
[Result "1-0"]
[ECO "D38"]
[WhiteElo "2360"]
[BlackElo "2434"]
[Annotator "TA"]
[PlyCount "107"]
[EventDate "2023.05.16"]
[EventType "swiss"]
[EventCountry "UAE"]
[SourceTitle "playchess.com"]
[Source "ChessBase"]
[SourceQuality "1"]
[TimeControl "5400+30"]

1. d4 Nf6 2. c4 e6 3. Nf3 d5 4. Nc3 Bb4 5. Bg5 h6 6. Bxf6 Qxf6 7. e3 O-O 8. Rc1 dxc4 9. Bxc4 c5 10. O-O {[%emt 0:00:07] Hoping for Ne4.} (10. Qb3 {simplifies} cxd4 11. Qxb4 dxc3 12. Qxc3 Nd7 13. Qxf6 Nxf6 14. Ke2) 10... cxd4 {[%emt 0:00:29] D38: Queen's Gambit Declined: Ragozin Defence (4 Nf3 Bb4).} 11. Ne4 Qe7 12. a3 Ba5 {[%emt 0:01:28] The position is equal.} 13. Qxd4 Rd8 {[%emt 0:04:38] Against Qd6} 14. Qe5 $1 {[%emt 0:05:45] 14.Qe5 is better than 14.Qc5.} Bc7 {[%emt 0:06:05] [#]} 15. Qc3 $146 ({Predecessor:} 15. Qh5 b6 16. Nfg5 Bb7 17. f4 Bd5 18. Nxf7 Bxe4 19. Nxd8 Bxd8 20. Qe5 Bb7 21. Bxe6+ {1-0 Riazantsev,A (2626)-Grebnev,A (2486) Moscow Dvoretsky Memorial 2022 (5.2)}) 15... Bd7 16. Be2 Nc6 17. Nc5 Be8 18. Nxb7 Bxh2+ {[%emt 0:00:11][%mdl 64] Discovered Attack} 19. Nxh2 Qxb7 20. Bf3 Rac8 21. Rfd1 Rxd1+ 22. Rxd1 Qb8 23. Rc1 Ne7 24. Qd2 Rd8 25. Qc2 Rc8 26. Qb1 Bb5 27. b4 Ng6 28. Be4 Ne5 29. Nf3 Nc4 (29... Nxf3+ {simplifies} 30. Bxf3 Rxc1+ 31. Qxc1 Qd8) 30. Nd4 {[%emt 0:09:40] Nxb5 would be deadly.} Ba4 ({Don't play} 30... Nxa3 31. Rxc8+ Qxc8 32. Qa1 $16) 31. Nc6 Bxc6 32. Rxc4 Ba4 33. Rxc8+ Qxc8 $11 {[%emt 0:00:01][%mdl 4096] Endgame KQB-KQB} 34. Qd3 g6 35. Kh2 Qc7+ 36. g3 h5 37. Kg2 Bc6 38. b5 Bxe4+ 39. Qxe4 {[%emt 0:00:00] KQ-KQ} Kh7 (39... Qa5 $11) 40. a4 (40. Qf4 $16 e5 41. Qf6) 40... Qa5 41. Qd4 Qc7 $2 (41... Kg8 $11 {and Black has nothing to worry.}) 42. Qb4 $1 $18 Qb7+ {[%emt 0:00:05] [#]} 43. Kg1 $1 {[%emt 0:01:12] Black must now prevent a5.} g5 44. a5 {[%emt 0:00:10] aiming for a6.} Kg7 $2 (44... Qd5 45. Qb1+ Kh6) 45. b6 axb6 46. axb6 (46. Qxb6 $18 {is the precise move to win.} Qf3 47. Qd4+ Kg6 48. a6) 46... h4 $2 47. gxh4 {[%emt 0:00:44] Threatening mate with Qc3+.} gxh4 {[%emt 0:00:02] [#]} 48. Qc3+ $1 Kh7 49. Qc7 Qf3 50. Qf4 ({Less strong is} 50. b7 h3 $16) 50... Qb7 51. Qxh4+ Kg6 52. Qg3+ {[%emt 0:00:12] White mates.} Kh7 53. Qc7 Qf3 54. Qh2+ {[%emt 0:00:04] Weighted Error Value: White=0.21 (precise) /Black=0.50} 1-0

[Event "3rd Sharjah Challengers 2023"]
[Site "Sharjah"]
[Date "2023.05.21"]
[Round "5.8"]
[White "Haznedaroglu, Kivanc"]
[Black "Tissir, Mohamed"]
[Result "1/2-1/2"]
[ECO "B27"]
[WhiteElo "2418"]
[BlackElo "2354"]
[Annotator "TA"]
[PlyCount "63"]
[EventDate "2023.05.16"]
[EventType "swiss"]
[EventCountry "UAE"]
[SourceTitle "playchess.com"]
[Source "ChessBase"]
[SourceQuality "1"]
[TimeControl "5400+30"]

1. e4 c5 2. Nf3 g6 3. d4 cxd4 4. Qxd4 Nf6 5. Qa4 Nc6 6. Nc3 d6 7. e5 dxe5 8. Nxe5 Bd7 {[%emt 0:00:14] B27: Sicilian: 2 Nf3, unusual Black 2nd moves.} 9. Nxd7 Qxd7 10. Be3 Bg7 {[%emt 0:02:12] White has an edge.} 11. Rd1 Qg4 12. Rd4 (12. Qb3 $5 Qb4 13. Be2 $14) 12... Qc8 13. Bb5 O-O 14. Rc4 {[%emt 0:00:43][%cal Oe1g1] [#]} Qb8 $146 ({Predecessor:} 14... Qf5 15. Bxc6 bxc6 16. O-O Nd5 17. Nd1 Nb6 18. Bxb6 axb6 19. Qxc6 Rac8 20. Qe4 Qxe4 21. Rxe4 Rxc2 22. Rxe7 {½-½ Nozdrachev,L (2367)-Lintchevski,D (2571) Nezhmetdinov Memorial 44th 2022 (5)}) 15. O-O Ne5 {[%emt 0:03:44] [#] Hoping for ...a6.} 16. Rh4 Qc8 17. Be2 ({Of course not} 17. Bxa7 Rd8 18. Re1 Nc6 19. Bxc6 bxc6 $11) 17... a6 18. h3 Rd8 19. Qb3 Qe6 (19... e6 $11 {is more appropriate.}) 20. Qxe6 $14 fxe6 21. Re1 Rac8 22. a4 Nd5 23. Bd4 {[%emt 0:01:01] This pair of bishops is nice.} Nf7 24. Bxg7 Kxg7 25. Bf3 {[%emt 0:00:05] [#] Nxd5 would be deadly.} Nxc3 26. bxc3 Rd6 27. Rd4 (27. Re3 $11 {remains equal.}) 27... Rxc3 $17 28. Rxd6 Nxd6 29. Rb1 b5 ({Worse is} 29... Rxc2 30. Bxb7 Rc4 31. Bxa6 Rxa4 32. Bb5 $15) (29... Rc7 $17 30. Rb2 Kf7) 30. axb5 $15 {[%emt 0:00:08] Black is slightly better.} axb5 31. Be2 Rxc2 32. Bxb5 {[%emt 0:00:02] Weighted Error Value: White=0.17 (very precise) /Black=0.14 (very precise)} 1/2-1/2

[Event "3rd Sharjah Challengers 2023"]
[Site "Sharjah"]
[Date "2023.05.21"]
[Round "5.9"]
[White "Socko, Monika"]
[Black "Zawadzka, Jolanta"]
[Result "1/2-1/2"]
[ECO "A13"]
[WhiteElo "2406"]
[BlackElo "2348"]
[Annotator "TA"]
[PlyCount "33"]
[EventDate "2023.05.16"]
[EventType "swiss"]
[EventCountry "UAE"]
[SourceTitle "playchess.com"]
[Source "ChessBase"]
[SourceQuality "1"]
[TimeControl "5400+30"]

1. c4 e6 2. Nf3 d5 3. e3 Nf6 4. b3 b6 5. Bb2 Bb7 {[%emt 0:03:27] The position is equal.} 6. cxd5 {[%emt 0:05:18] A13: English Opening: 1...e6.} exd5 7. Be2 Bd6 8. O-O O-O 9. Nc3 a6 10. Qc2 Re8 11. Rac1 Nbd7 12. d4 Rc8 13. Rfd1 Qe7 14. Qf5 Rcd8 {[%emt 0:10:53] [#]} 15. Qc2 $146 ({Predecessor:} 15. Rc2 h6 16. Qh3 Nf8 17. Nh4 g6 18. Nf3 Kg7 19. Ne5 c5 20. Na4 cxd4 21. Ng4 Nxg4 22. Bxg4 h5 23. Bxd4+ {0-1 Goldbecker,K-Gburek,J Team-ch L18K2-R(4-5) 2020}) 15... Rc8 16. Qf5 Rcd8 17. Qc2 {[%emt 0:00:11] An uneventful encounter.   Weighted Error Value: White=0.03 (flawless) /Black=0.01 (flawless)} 1/2-1/2

[Event "3rd Sharjah Challengers 2023"]
[Site "Sharjah"]
[Date "2023.05.22"]
[Round "6.1"]
[White "Sivuk, Vitaly"]
[Black "Fawzy, Adham"]
[Result "0-1"]
[ECO "A30"]
[WhiteElo "2489"]
[BlackElo "2495"]
[Annotator "TA"]
[PlyCount "76"]
[EventDate "2023.05.16"]
[EventType "swiss"]
[EventCountry "UAE"]
[SourceTitle "playchess.com"]
[Source "ChessBase"]
[SourceQuality "1"]
[TimeControl "5400+30"]

1. Nf3 c5 2. c4 Nc6 3. d4 cxd4 4. Nxd4 e5 5. Nb5 d6 6. g3 {[%emt 0:00:30] A30: Symmetrical English: Double Fianchetto and Hedgehog.} Be6 7. b3 Nf6 8. Bg2 {[%emt 0:00:30] White has an edge.} Rc8 {[%emt 0:00:30] [#]} 9. Bg5 $146 ({Predecessor:} 9. N5c3 Be7 10. O-O O-O 11. Bb2 a6 12. Nd5 b5 13. Na3 bxc4 14. Nxc4 Nxd5 15. Bxd5 {½-½ Tyulenko,Y (2409)-Fister,B (2347) Danube tt4 email 2012 [6]}) 9... d5 10. Bxf6 Qa5+ 11. N1c3 dxc4 {[%emt 0:00:30] [#]} 12. Bxg7 Bxg7 {[%emt 0:00:30] [#]} (12... Rd8 13. Bxh8) 13. b4 $1 Nxb4 (13... Qxb4 14. Rb1) 14. Nd6+ {[%emt 0:00:30] Excellent horsemanship.} Ke7 {[%emt 0:00:30] aiming for ...Rcd8.} 15. Nxc8+ (15. Nxb7 Nd3+ $17) 15... Rxc8 16. O-O Nc6 17. Rc1 Rd8 18. Qc2 {[%emt 0:00:30] Hoping for Bxc6.} e4 19. Bxe4 Nb4 20. Qb2 {[%emt 0:00:30] Strongly threatening Rfd1.} b6 21. a4 Qc5 (21... f5 $16) 22. Rfd1 $2 (22. Rcd1 $18) 22... Bxc3 $1 $15 {[%emt 0:00:30][%mdl 64] Remove Defender. Active counter play!} 23. Qxc3 Na2 {[%emt 0:00:30][%csl LRc1,LRc3] Dancing on a razor blade.} 24. Qg7 {[%emt 0:00:30] Rxd8 would be deadly.} Nxc1 25. Rxc1 Qd4 ({Black should play} 25... h5 $15) 26. Qg5+ $11 (26. Qxh7 $2 Rh8 27. e3 Qf6 $19) 26... Qf6 27. Qb5 Rc8 28. Qb4+ (28. Bxh7 Qh6 29. Qb1 (29. Qb4+ $2 Rc5 $19) 29... f5 30. Bxf5 (30. Qb4+ $2 Kf7 $19) 30... Bxf5 31. Qb4+ Qd6 32. Rxc4 a5 33. Qxd6+ Kxd6 $17) 28... Ke8 $1 29. a5 (29. Bxh7 Qh6 30. Qb5+ Ke7 $17) (29. Rd1 $14) 29... Qg5 30. Ra1 {[%emt 0:00:30][%mdl 8192] This move loses the game for White.} (30. Qc3 $11 {and White has nothing to worry.}) 30... Qe5 $1 $19 31. Qb1 b5 {[%emt 0:00:30][%cal Ob5b4] ...b4! is the strong threat.} ({Weaker is} 31... bxa5 32. Bxh7 Rd8 33. Qa2 $15) 32. Ra3 {[%emt 0:00:30] Wards off b4} (32. Bc2 $142) 32... c3 33. a6 {[%emt 0:00:30] [#]} b4 $1 {[%emt 0:00:30][%mdl 576] Decoy} 34. Qxb4 {[%emt 0:00:30] Threatens to win with Ra5.} Rc4 35. Qb7 Qxe4 (35... Rxe4 $2 {perishes.} 36. Rxc3 Rxe2 37. Re3 Rxe3 38. Qa8+ Ke7 39. Qxa7+ Kf8 40. Qxe3 Qa1+ 41. Kg2 Qxa6 42. Qc5+ Ke8 43. h4 $19) 36. Rxc3 Rb4 (36... Bd5 $142 37. Qb8+ Ke7 38. Qxa7+ Kf8) 37. Qc7 $2 (37. Qxe4 $19 Rxe4 38. Rc7) 37... Rb1+ ({Less strong is} 37... Qxe2 38. Qc6+ Kf8 39. Qd6+ Kg8 40. Qxb4 $16) 38. Rc1 Bh3 {[%emt 0:00:30] Artfully played by Fawzy.   Weighted Error Value: White=0.49/Black=0.20 (precise)} 0-1

[Event "3rd Sharjah Challengers 2023"]
[Site "Sharjah"]
[Date "2023.05.22"]
[Round "6.2"]
[White "Nigmatov, Ortik"]
[Black "Ohanyan, Emin"]
[Result "1/2-1/2"]
[ECO "B33"]
[WhiteElo "2438"]
[BlackElo "2444"]
[Annotator "TA"]
[PlyCount "62"]
[EventDate "2023.05.16"]
[EventType "swiss"]
[EventCountry "UAE"]
[SourceTitle "playchess.com"]
[Source "ChessBase"]
[SourceQuality "1"]
[TimeControl "5400+30"]

1. e4 c5 2. Nf3 e6 3. d4 cxd4 4. Nxd4 Nf6 5. Nc3 Nc6 6. Ndb5 d6 7. Bf4 e5 8. Bg5 a6 9. Na3 b5 10. Nd5 Be7 11. Bxf6 Bxf6 12. c3 Bg5 13. Nc2 Rb8 14. a4 {[%emt 0:03:29] 14.h4 is the recent fashion.} bxa4 {[%emt 0:00:12] B33: Sicilian: Pelikan and Sveshnikov Variations.} 15. Ncb4 Nxb4 16. cxb4 O-O 17. h4 Bh6 (17... Be7 $5 ) 18. Rxa4 a5 19. b5 ({Stronger than} 19. Rxa5 Rxb4 20. Ra8 Rxe4+ 21. Be2 Rd4 $19) (19. bxa5 Rxb2 20. Qa1 Rc2 $17) 19... Bd7 20. Nc3 d5 {[%emt 0:00:15][%mdl 64] [#] Deflection} 21. exd5 f5 {[%emt 0:00:39] [#]} 22. d6 $146 (22. Be2 $14) ({Predecessor:} 22. g3 Kh8 23. Be2 f4 24. g4 f3 25. Bxf3 Bc1 26. Qxc1 Rxf3 27. Re4 Qb6 28. Qd2 Rbf8 29. Rh2 Bxb5 {½-½ Miron,L (2498)-Nisipeanu,L (2633) ROM-chT Oradea 2022 (7.26)}) 22... Kh8 23. Bc4 (23. Be2 $5) 23... Rf6 24. O-O e4 25. g3 {[%emt 0:04:53] [#] Inhibits Bf4.} Bf4 $1 26. Be2 $1 (26. gxf4 $2 {gets mated.} Rg6+) ({But not} 26. Nd5 Rxd6 27. Nxf4 Rxd1 28. Rxd1 Qc8 $17) 26... Rxd6 27. Rd4 {[%emt 0:00:58] The position is equal.} Rbb6 28. Rxd6 Rxd6 29. Qa4 Rg6 30. Bh5 Bxg3 {[%emt 0:07:27][%cal Od8h4] ( -> ...Qxh4!)} 31. Bxg6 Qxh4 {[%emt 0:00:55] Weighted Error Value: White=0.05 (flawless) /Black=0.04 (flawless)} 1/2-1/2

[Event "3rd Sharjah Challengers 2023"]
[Site "Sharjah"]
[Date "2023.05.22"]
[Round "6.3"]
[White "Hesham, Abdelrahman"]
[Black "Sibashvili, Giorgi"]
[Result "0-1"]
[ECO "D41"]
[WhiteElo "2409"]
[BlackElo "2408"]
[Annotator "TA"]
[PlyCount "110"]
[EventDate "2023.05.16"]
[EventType "swiss"]
[EventCountry "UAE"]
[SourceTitle "playchess.com"]
[Source "ChessBase"]
[SourceQuality "1"]
[TimeControl "5400+30"]

1. d4 Nf6 2. c4 e6 3. Nc3 d5 4. cxd5 Nxd5 5. e4 Nxc3 6. bxc3 c5 7. Nf3 cxd4 8. cxd4 Bb4+ 9. Bd2 Bxd2+ 10. Qxd2 O-O 11. Bc4 Nd7 12. O-O b6 13. Rfe1 Bb7 14. Rad1 Rc8 {[%emt 0:00:16] D41: Queen's Gambit Declined: Semi-Tarrasch with 5 cxd5.} 15. Bb3 Re8 16. h3 Qf6 {[%emt 0:02:41] The position is equal.} 17. Re3 Qf4 18. Qe1 {[%emt 0:05:56] [#]} Nf6 $146 ({Predecessor:} 18... h6 19. Nd2 Red8 20. Rf3 Qh4 21. Qe3 Rc7 22. Rg3 Nf6 23. Nf3 Qxe4 24. Qxh6 Ne8 {1-0 Mastrovasilis,A (2518)-Yurtseven,M (2327) EU-ch 23rd Vrnjacka Banja 2023 (7)}) 19. d5 exd5 20. e5 Ne4 21. Nd4 h6 (21... Qxe5 22. f3 $14) (21... g6 $5 ) 22. f3 Ng3 23. e6 Nf5 24. Nxf5 {[%emt 0:01:17][%mdl 64] Remove Defender} Qxf5 25. e7 (25. Re5 $11 {remains equal.} Qf6 26. exf7+ (26. Bxd5 Bxd5 27. Rdxd5 Rxe6 $17) 26... Kxf7 27. Bxd5+ Bxd5 28. Rdxd5) 25... Rc5 26. Ba4 Bc6 27. Bxc6 Rxc6 28. Re5 Qf6 (28... Qc8 $17) 29. Rdxd5 $15 (29. Rexd5 Rxe7 30. Qd2 Qh4 $17) 29... Re6 30. Rd8 Qxe7 $1 $17 (30... Qxe5 $6 31. Qxe5 (31. Rxe8+ Kh7 $11) 31... Rxe5 32. Rxe8+ Kh7 33. f4 $11) 31. Rxe6 fxe6 (31... Qc5+ $17 32. Kf1 Rxd8 33. Re8+ Rxe8 34. Qxe8+ Qf8) 32. Rxe8+ $15 Qxe8 $17 {[%emt 0:00:02][%mdl 4096] Endgame KQ-KQ} 33. Qe5 Qd7 34. h4 b5 35. Kh2 {[%emt 0:01:01] [#]} a5 $1 36. Qb8+ Kh7 37. Qa8 a4 {[%emt 0:00:54] ...Qd6+ would be deadly.} 38. Qe4+ Kg8 {[%emt 0:00:07] Strongly threatening ...Qd5.} 39. a3 {[%emt 0:00:26] [#]} (39. Qa8+ $17 Kf7 40. Qa5) 39... Qd6+ (39... Qd5 $1 $19 {[%cal Rd5e4] Hoping for ...Qxe4.} 40. Qe3 Qb3) 40. Kh1 $2 {[%emt 0:00:50][%mdl 8192] This move loses the game for White.} (40. Kh3 $17 {was forced.}) 40... Qd5 $19 {[%emt 0:00:34] ...Qxe4 is the strong threat.} ({Not} 40... Qxa3 41. Qxe6+ Kf8 42. Qf5+ Ke7 43. Qe5+ Kf8 44. Qf5+ Kg8 45. Qe6+ Kf8 46. Qf5+ $15) 41. Qg6 Qd1+ (41... Qc6 $142 {[%cal Ob5b4] Threatens to win with ...b4!} 42. Qd3 Qc4) 42. Kh2 Qd6+ 43. Kh1 $2 (43. Kh3 Kf8 44. Qb1) 43... Kf8 ({Weaker is} 43... Qxa3 44. Qxe6+ Kf8 45. Qf5+ Ke7 46. Qe5+ Kd7 47. Qxb5+ Kd6 48. Qb6+ Kd5 49. Qb7+ Kc4 50. Qe4+ Kc3 51. Qe5+ Kd3 52. Qd5+ Ke3 53. Qe4+ Kf2 54. Qc2+ Ke1 55. Qe4+ Kf1 56. Qb1+ Kf2 57. Qc2+ Ke3 58. Qe4+ Kf2 59. Qc2+ $11) 44. Qe4 Qxa3 45. Qxe6 Qc1+ 46. Kh2 Qc5 {[%emt 0:00:54] And now ...b4 would win.} 47. f4 a3 48. f5 Qe7 {[%emt 0:00:45] ( -> ...Qxe6)} 49. Qc8+ Kf7 50. g3 a2 {[%emt 0:02:31] Black mates.} 51. Qa6 Qe2+ 52. Kh3 Qf1+ 53. Kh2 Qf2+ ({And not} 53... a1=B 54. Qe6+ Kf8 55. Qc8+ Kf7 56. Qe6+ Kf8 57. Qc8+ Kf7 58. Qe6+ $11) 54. Kh1 Qe1+ 55. Kh2 a1=Q {[%emt 0:00:20] Weighted Error Value: White=0.61/Black=0.15 (very precise)} 0-1

[Event "3rd Sharjah Challengers 2023"]
[Site "Sharjah"]
[Date "2023.05.22"]
[Round "6.4"]
[White "Rios, Cristhian Camilo"]
[Black "Mkrtchyan, Mariam"]
[Result "1-0"]
[ECO "E02"]
[WhiteElo "2469"]
[BlackElo "2360"]
[Annotator "TA"]
[PlyCount "129"]
[EventDate "2023.05.16"]
[EventType "swiss"]
[EventCountry "UAE"]
[SourceTitle "playchess.com"]
[Source "ChessBase"]
[SourceQuality "1"]
[TimeControl "5400+30"]

1. d4 Nf6 2. Nf3 d5 3. c4 e6 4. Nc3 Nbd7 5. g3 dxc4 6. Bg2 Rb8 7. Qa4 a6 8. Qxc4 b5 9. Qd3 Bb7 10. O-O c5 11. Bf4 Rc8 12. a3 {[%emt 0:00:30] E02: Open Catalan: 5 Qa4+.} cxd4 13. Qxd4 {[%emt 0:00:30] [#]} (13. Nxd4 $2 Bxg2 14. Kxg2 e5 $19) 13... Qb6 $146 ({Predecessor:} 13... Bc5 14. Qd3 O-O 15. Rac1 Nb6 16. Ne5 Qe7 17. Ne4 Rfd8 18. Qb1 Nxe4 19. Bxe4 Bxe4 20. Qxe4 {½-½ Szabo,V (2395)-Hnatovsky,N (2308) LSS WC-2010-F-00003}) 14. Qxb6 {[%emt 0:00:30] The position is equal.} Nxb6 15. a4 b4 16. a5 Nc4 17. Na4 Nxa5 18. Nb6 {[%emt 0:00:30][%csl LRa5,LRc8] Prevents Nd5} Rc5 19. Be3 {[%emt 0:00:30] White is more active.} Nb3 20. Bxc5 Bxc5 21. Ra4 O-O 22. Nc4 Bc6 $1 23. Ra2 ({But not} 23. Rxa6 Bb5 24. Na5 Bxa6 $11) 23... Bb5 $1 24. Ncd2 Nxd2 25. Nxd2 Bxe2 26. Re1 (26. Rc1 $5 Be7 27. Bf1 $16) 26... Bd3 27. Bf1 $36 {[%emt 0:00:30][%mdl 2048] White has some pressure.} (27. Rc1 $5 Ba7 28. Bf1 $14) 27... Rd8 (27... Bc2 $14) 28. Nb3 $16 Bxf1 29. Kxf1 Bf8 30. Rxa6 Rd3 31. Re3 ({White should try} 31. Na5 $16) 31... Rd1+ (31... Rxe3 $14 32. fxe3 Ng4) 32. Kg2 Nd5 33. Re2 g5 34. Rd2 Re1 35. Ra1 Re4 36. Rc1 h6 37. Kf1 Bg7 38. Rcc2 g4 (38... Re5 $16 39. Nc5 Rf5) 39. Re2 $18 Rxe2 40. Rxe2 {[%emt 0:00:30][%mdl 4096] Endgame KRN-KBN} h5 41. Nc5 Kf8 42. b3 Bd4 43. Nd3 Ke7 44. Re4 Bc3 45. Nf4 Nf6 (45... Nxf4 $16 46. Rxf4 (46. gxf4 Kf6 $16) 46... f5) 46. Rc4 e5 {[%emt 0:00:30] [#]} 47. Ne2 Bd2 {[%emt 0:00:30] [#]} 48. Nc1 $1 Bxc1 49. Rxc1 {[%emt 0:00:30] KR-KN} Ne4 (49... Nd5 {was called for.} 50. Ke2 e4) 50. Ke2 Nd6 51. Kd3 f5 52. Ra1 Ne4 53. Ra2 {[%emt 0:00:30] And now Kc4 would win.} Ng5 $2 (53... Kd6 {might work better.} 54. Kc4 f4 55. Ra6+ Ke7) 54. Kc4 Nf3 55. Kxb4 Nxh2 56. Kc5 {[%emt 0:00:30] Black must now prevent b4.} f4 57. b4 {[%emt 0:00:30][%cal Bb3b4,Bb4b5,Bb5b6,Bb6b7][%mdl 32] White wants to mate with b5.} e4 58. gxf4 {[%emt 0:00:30] White mates.} e3 59. b5 exf2 60. Rxf2 g3 61. Re2+ Kd7 62. b6 Nf3 63. b7 Kc7 64. Re7+ Kb8 65. Kb6 {[%emt 0:00:30] Weighted Error Value: White=0.05 (flawless) /Black=0.29 (precise)} 1-0

[Event "3rd Sharjah Challengers 2023"]
[Site "Sharjah"]
[Date "2023.05.22"]
[Round "6.5"]
[White "Begmuratov, Khumoyun"]
[Black "Vandenbussche, Thibaut"]
[Result "1-0"]
[ECO "C41"]
[WhiteElo "2387"]
[BlackElo "2437"]
[Annotator "TA"]
[PlyCount "51"]
[EventDate "2023.05.16"]
[EventType "swiss"]
[EventCountry "UAE"]
[SourceTitle "playchess.com"]
[Source "ChessBase"]
[SourceQuality "1"]
[TimeControl "5400+30"]

1. e4 d6 2. d4 Nf6 3. Nc3 e5 4. Nf3 Nbd7 5. Bc4 Be7 6. O-O O-O 7. a4 exd4 {[%emt 0:01:28] C41: Philidor Defence.} 8. Qxd4 Nc5 9. Re1 Bg4 {[%emt 0:03:09] [#] The position is equal.} 10. Nd2 $146 ({Predecessor:} 10. Qe3 Ncd7 11. Nd4 Ne5 12. Ba2 c5 13. Nde2 Be6 14. Bxe6 fxe6 15. Nf4 Qd7 16. Qh3 {1-0 Radulski,J (2556)-Rehn,R (2237) Politiken Cup 33rd 2011 (3)}) 10... Be6 11. b4 Ncd7 12. Bxe6 fxe6 13. Qc4 $36 {[%emt 0:04:22][%mdl 2048] White is pushing.} d5 14. exd5 Nb6 15. Qb3 (15. Qe2 Bxb4 16. dxe6 (16. Qxe6+ Kh8 $11) 16... Qd4 $11) 15... Nfxd5 16. Nxd5 (16. a5 $14 Bf6 17. Bb2 (17. Rxe6 Bxc3 18. Rb1 Qd7 $17) 17... Nxc3 {[%mdl 64] Remove Defender} 18. Bxc3 Bxc3 19. Qxc3) 16... Nxd5 (16... Qxd5 {with more complications.} 17. b5 Bc5 18. Ne4 Bd4) 17. Nf3 Bxb4 18. Rxe6 {[%emt 0:01:11] Threatens to win with c4.} Bc3 $2 {[%emt 0:00:19] Black cannot hold the game after this.} (18... a5 $14) 19. Bg5 $1 $18 Qd7 20. Re7 Qc6 (20... Qf5 {was worth a try.} 21. Rd1 c6 22. Rxd5 {[%mdl 64] Remove Defender} (22. Rxb7 Bf6 $18) 22... Qxd5) 21. Rd1 Rf5 {[%emt 0:01:23] [#]} 22. Re3 $1 h6 23. Red3 $1 Qb6 24. Rxc3 {[%emt 0:00:58] Strongly threatening g4.} ({Not} 24. Rxd5 Qxb3 25. cxb3 Rxd5 26. Rxd5 hxg5 $16) 24... hxg5 {[%emt 0:11:27] [#]} 25. g4 $1 (25. Rxd5 $2 {loses.} Qxb3 26. cxb3 Rxd5 $19) 25... Kh8 $2 (25... Qxb3 26. Rxb3 Rxf3) 26. gxf5 {[%emt 0:00:36] Weighted Error Value: White=0.10 (very precise) /Black=0.49} 1-0

[Event "3rd Sharjah Challengers 2023"]
[Site "Sharjah"]
[Date "2023.05.22"]
[Round "6.6"]
[White "Liyanage, Ranindu Dilshan"]
[Black "Zaibi, Amir"]
[Result "1/2-1/2"]
[ECO "C02"]
[WhiteElo "2342"]
[BlackElo "2393"]
[Annotator "TA"]
[PlyCount "95"]
[EventDate "2023.05.16"]
[EventType "swiss"]
[EventCountry "UAE"]
[SourceTitle "playchess.com"]
[Source "ChessBase"]
[SourceQuality "1"]
[TimeControl "5400+30"]

1. e4 e6 2. d4 d5 3. e5 c5 4. c3 Nc6 5. Nf3 Qb6 6. a3 c4 7. Nbd2 Na5 8. Rb1 Bd7 9. h4 {[%emt 0:00:17] C02: French: Advance Variation.} Nb3 (9... h6 $11) 10. Nxb3 $14 {[%emt 0:02:16] Hoping for Nbd2.} Ba4 {[%emt 0:00:05][%mdl 64] [#] Pin} 11. Be3 $146 {[%emt 0:09:22][%cal Of3d2] White is slightly better.} ({Predecessor:} 11. Nfd2 Rc8 12. f4 h5 13. f5 Bxb3 14. Nxb3 Qxb3 15. Qxb3 cxb3 16. fxe6 fxe6 17. Bb5+ {1-0 Larsen,M (2178)-Skagseth,H Arctic Chess Challenge 2010 (3)}) 11... Qxb3 (11... Bxb3 12. Qc1) 12. Qc1 Qc2 13. h5 (13. Qxc2 {simplifies} Bxc2 14. Rc1 Ba4 15. h5) 13... h6 14. Be2 Qxc1+ 15. Rxc1 Ne7 16. g4 a5 17. Nd2 Nc6 18. f4 b5 19. O-O Be7 20. f5 Kd7 21. g5 hxg5 22. Bg4 Nd8 (22... g6 {with more complications.} 23. hxg6 Rh4 24. Be2 Rh3) 23. f6 gxf6 24. exf6 Bd6 25. Nf3 Bb3 26. Nxg5 Kc6 27. Kf2 b4 28. axb4 axb4 29. Ra1 Ra4 (29... Rxa1 $16 30. Rxa1 Bc7) 30. Rxa4 $18 Bxa4 31. Ra1 Kb5 {[%emt 0:00:43] [#]} 32. Nxf7 $2 {[%emt 0:06:05] White is more active.} Nxf7 $11 {[%emt 0:00:15] The position is equal.} 33. Bxe6 Nd8 ({But not} 33... bxc3 34. bxc3 (34. Bxf7 $2 cxb2 35. Rb1 c3 $19) 34... Nd8 35. Bd7+ (35. Bxd5 Rxh5 36. Be4 Rh8 $11) 35... Nc6 36. h6 $16) 34. Bd7+ ({Reject} 34. Bxd5 Rxh5 35. Be4 (35. Bxc4+ $2 Kxc4 36. Rxa4 Kd3 $19) 35... Rh2+ 36. Kf3 Ne6 $15) 34... Nc6 35. Bxc6+ Kxc6 36. Rxa4 bxc3 37. bxc3 Rxh5 {[%emt 0:00:09][%mdl 4096] Endgame KRB-KRB} 38. Ra6+ Kd7 39. Kg2 Rf5 40. Bf2 {[%emt 0:00:57] And now Bh4 would win.} Rxf6 41. Bg3 Be7 42. Rxf6 Bxf6 {[%emt 0:00:04] KB-KB} 43. Kf3 Ke6 44. Ke2 Kf5 45. Kd2 Ke4 46. Kc2 Bg5 47. Bd6 Bf4 48. Bf8 {[%emt 0:00:00] Weighted Error Value: White=0.10 (very precise) /Black=0.11 (very precise)} 1/2-1/2